 Dungeon Crawl Stone Soup version 0.28.0-45-g0d030f2227 (webtiles) character file.

Game seed: 18303524407407421199

3 Icepheonix32 the Caller (level 1, 0/13 HPs)
             Began as a Merfolk Summoner on Apr 11, 2022.
             Slain by a bat (1 damage)
             ... on level 1 of the Dungeon.
             The game lasted 00:01:03 (414 turns).

Icepheonix32 the Caller (Merfolk Summoner)           Turns: 414, Time: 00:01:04

Health: 0/13       AC:  2    Str:  8    XL:     1   Next: 50%
Magic:  0/3        EV: 12    Int: 14    God:
Gold:   10         SH:  0    Dex: 14    Spells: 3/4 levels left

rFire   . . .      SeeInvis .   (no weapon)
rCold   . . .      Faith    .   (no shield)
rNeg    . . .      Spirit   .   a - +0 robe
rPois   .          Reflect  .   (no helmet)
rElec   .          Harm     .   (no cloak)
rCorr   .          Rampage  .   (no gloves)
Will    .....                   (no boots)
Stlth   ++........              (no amulet)
HPRegen 0.04/turn               (no ring)
MPRegen 0.08/turn               (no ring)

@: no status effects
A: (nimble swimmer 2), mertail
a: no special abilities


You were on level 1 of the Dungeon.
You visited 1 branch of the dungeon, and saw 1 of its levels.

You collected 10 gold pieces.

Inventory:

Armour
 a - a +0 robe (worn)
Scrolls
 b - a scroll of holy word {unknown}


   Skills:
 + Level 2.7 Dodging
 - Level 2.1 Stealth
 - Level 2.0 Spellcasting
 + Level 4.1 Summonings


You had 3 spell levels left.
You knew the following spells:

 Your Spells              Type           Power      Damage    Failure   Level
a - Summon Small Mammal   Summ           52%        N/A       4%          1

Your spell library contained the following spells:

 Spells                   Type           Power      Damage    Failure   Level
 Call Imp                 Summ           13%        N/A       6%          2
 Call Canine Familiar     Summ           13%        N/A       13%         3
 Summon Guardian Golem    Hex/Summ       7%         N/A       30%         3
 Summon Lightning Spire   Summ/Air       7%         N/A       69%         4


Dungeon Overview and Level Annotations

Branches:
Dungeon (1/15)

Altars:


Innate Abilities, Weirdness & Mutations

((You are very nimble when in or above water. (Stealth+, EV+, Speed+++)))
Your lower body shifts to a powerful aquatic tail in water.


Message History

The bat hits you but does no damage.
Your bat completely misses the jackal.
The bat hits you.
* * * LOW HITPOINT WARNING * * *
Your bat hits the jackal.
Unknown command.
You swap places.
Your bat hits the jackal. The bat barely misses your bat.
Your bat barely misses the bat.
The bat barely misses your bat.
Your bat hits the bat but does no damage.
Your bat hits the jackal but does no damage.
The bat completely misses your bat.
Your bat barely misses the bat.
Your bat hits the jackal but does no damage.
Your bat closely misses the bat.
The bat closely misses your bat.
Your bat misses the bat. The bat completely misses your bat.
Your bat hits the bat. x2
Your bat barely misses the jackal.
The bat barely misses your bat.
Your bat closely misses the jackal.
Your bat closely misses the bat.
Your bat hits the jackal but does no damage.
The bat hits your bat but does no damage.
Your bat hits the bat but does no damage.
Your bat hits the jackal but does no damage.
The bat closely misses your bat.
Your bat barely misses the bat.
The bat hits your bat. The jackal barely misses your bat.
Your bat hits the jackal but does no damage.
The bat barely misses your bat.
Your bat completely misses the bat.
Your bat closely misses the jackal. x2
The jackal bites your bat but does no damage.
Your bat misses the bat.
Your bat barely misses the jackal.
The bat closely misses your bat.
Your bat misses the jackal.
Your bat hits the bat but does no damage.
Your bat hits the jackal but does no damage.
The jackal bites your bat.
Casting: Summon Small Mammal (safe; 4% risk of failure)
Confirm with . or Enter, or press ? or * to list all spells.
Your bat disappears in a puff of smoke!
Your bat hits the jackal but does no damage.
The bat hits you but does no damage.
Your bat hits the jackal but does no damage.
The bat hits you.
You die...

........###.# #.# #.#
###.#.#####.# #.# #.# #
#.........# #.. #.# # ###.#######
#.# ##'## # ##...## #.# ##.>.#
###.#.#.## #.#### ##.....
.#.##....# #.##.## ##......
#.#.#....########.#..ยง####.......
...............b@b.bh.h..'.......
.####....#########....####.......
## ##.#.# #.#.## ##...... # ###.#
#.### ##..... #.# #.# ##...# #.#
#.# #+## #.# #.# #.# #.#
########.# #..


You could see 2 jackals, a bat (ally target) and 2 friendly bats.

Vanquished Creatures (collateral kills)
  A giant cockroach (D:1)
  A kobold (D:1)
  A bat (D:1)
3 creatures vanquished.

Notes
Turn   | Place    | Note
-------+----------+-------------------------------------------
     0 | D:1      | Icepheonix32 the Merfolk Summoner began the quest for the
                  | Orb.
     0 | D:1      | Reached XP level 1. HP: 13/13 MP: 3/3
   414 | D:1      | Slain by a bat

Illustrated notes

Levels and vault maps discovered:
D:1:      dpeg_arrival_simpleton_a, layout_loops_corners,
          hellmonk_ecumenical_altar_crossroads

Action                   || total
-------------------------++-------
Melee: Unarmed           ||    14
 Cast: Summon Small Mamm ||    11
 Stab: Sleeping          ||     1
Armor: Robe              ||    15
Dodge: Dodged            ||    33
